General information
- name: BNet
- type: Ladder 1vs1/FFA
- host: Battle.net
- saver: BEAR_AND
map: MeltingValley
- players: 2
- length: 69:06
- speed: Fast
- version: 1.28 W3XP
- replay type:

» download(232 KB)
Players
team 1 (winner)
BEAR_AND (
yellow | 125 APM | 8608 actions | 69:06)
5 Archmage
3 Blizzard
2 Brilliance Aura
5 Mountain King
3 Storm Bolt
2 Bash
5 Paladin
3 Holy Light
2 Divine Shield
» actions
| Assign group hotkey | 32 | |
| Basic commands | 124 | |
| Build / train | 252 | |
| ESC pressed | 1 | |
| Enter build submenu | 102 | |
| Enter hero's abilities submenu | 15 | |
| Give item / drop item | 11 | |
| Right click | 5243 | |
| Select / deselect | 1292 | |
| Select group hotkey | 895 | |
| Use ability | 632 | |
8608 total
» units
| Peasant | 17 | |
| Priest | 1 | |
| Dragonhawk Rider | 5 | |
| Goblin Zeppelin | 1 | |
| Sorceress | 1 | |
25 total
» upgrades
| Masonry | 3 | |
| Lumber Harvesting | 2 | |
| Magic Sentry | 1 | |
| Swords | 3 | |
| Armor | 3 | |
| Animal War Training | 1 | |
| Cloud | 1 | |
| Priest Training | 2 | |
| Sorceress Training | 2 | |
| Storm Hammers | 1 | |
19 total
» buildings
| Altar of Kings | 1 | |
| Farm | 15 | |
| Lumber Mill | 1 | |
| Scout Tower | 197 | |
| Arcane Vault | 3 | |
| Arcane Tower | 14 | |
| Guard Tower | 133 | |
| Keep | 3 | |
| Castle | 1 | |
| Arcane Sanctum | 1 | |
| Gryphon Aviary | 2 | |
| Barracks | 2 | |
| Town Hall | 3 | |
| Blacksmith | 1 | |
377 total
» build order
00:10 Altar of Kings
00:19 Farm
00:28 Farm
00:59 Lumber Mill
01:20 Scout Tower
01:34 Arcane Vault
01:44 Scout Tower
01:48 Arcane Tower
01:48 Arcane Tower
01:48 Arcane Tower
02:26 Guard Tower
02:29 Scout Tower
02:49 Scout Tower
02:58 Guard Tower
02:58 Guard Tower
03:13 Scout Tower
03:34 Guard Tower
03:42 Scout Tower
03:50 Guard Tower
03:51 Guard Tower
03:55 Farm
03:56 Farm
04:13 Guard Tower
04:14 Scout Tower
04:42 Guard Tower
04:43 Scout Tower
04:44 Scout Tower
04:57 Keep
04:57 Keep
05:29 Guard Tower
05:29 Guard Tower
05:33 Farm
05:43 Guard Tower
05:43 Guard Tower
05:45 Scout Tower
05:46 Scout Tower
06:18 Guard Tower
06:21 Arcane Tower
06:45 Guard Tower
07:38 Castle
09:24 Arcane Sanctum
09:26 Gryphon Aviary
09:27 Barracks
11:02 Barracks
11:45 Town Hall
12:24 Scout Tower
12:25 Scout Tower
12:26 Scout Tower
12:26 Scout Tower
12:27 Scout Tower
12:28 Scout Tower
12:29 Scout Tower
12:30 Scout Tower
12:30 Scout Tower
12:31 Scout Tower
12:47 Blacksmith
12:51 Farm
12:52 Farm
13:02 Arcane Tower
13:02 Guard Tower
13:40 Guard Tower
13:40 Guard Tower
13:40 Guard Tower
13:46 Arcane Vault
13:47 Guard Tower
14:06 Guard Tower
14:06 Guard Tower
14:06 Guard Tower
14:09 Scout Tower
14:10 Scout Tower
14:12 Scout Tower
14:13 Scout Tower
14:15 Guard Tower
14:47 Guard Tower
14:48 Guard Tower
14:48 Guard Tower
14:51 Guard Tower
14:51 Guard Tower
14:54 Scout Tower
14:54 Scout Tower
14:55 Scout Tower
14:56 Scout Tower
15:51 Guard Tower
16:00 Gryphon Aviary
16:34 Guard Tower
16:37 Town Hall
16:40 Scout Tower
16:41 Scout Tower
16:41 Scout Tower
16:42 Scout Tower
16:42 Scout Tower
16:43 Scout Tower
16:44 Scout Tower
16:45 Scout Tower
16:45 Scout Tower
16:45 Scout Tower
16:46 Scout Tower
16:46 Scout Tower
17:06 Guard Tower
17:06 Guard Tower
17:10 Scout Tower
17:10 Scout Tower
17:11 Scout Tower
17:21 Arcane Tower
17:22 Guard Tower
17:22 Guard Tower
17:22 Guard Tower
18:00 Guard Tower
18:07 Guard Tower
18:10 Arcane Vault
18:12 Guard Tower
18:12 Guard Tower
18:14 Guard Tower
18:15 Guard Tower
18:36 Guard Tower
18:36 Scout Tower
19:49 Town Hall
20:26 Guard Tower
20:37 Scout Tower
20:38 Scout Tower
20:41 Scout Tower
20:42 Scout Tower
20:43 Scout Tower
20:45 Scout Tower
20:45 Scout Tower
20:46 Scout Tower
21:23 Scout Tower
21:24 Scout Tower
21:24 Scout Tower
21:25 Scout Tower
21:25 Scout Tower
21:26 Scout Tower
21:27 Scout Tower
21:28 Scout Tower
21:28 Scout Tower
21:28 Scout Tower
21:29 Scout Tower
21:29 Scout Tower
21:32 Scout Tower
21:33 Scout Tower
21:34 Scout Tower
21:34 Scout Tower
21:35 Scout Tower
21:35 Scout Tower
21:35 Scout Tower
21:48 Guard Tower
21:48 Guard Tower
22:02 Guard Tower
22:03 Guard Tower
22:05 Scout Tower
22:06 Scout Tower
22:06 Scout Tower
22:07 Scout Tower
22:07 Scout Tower
22:08 Scout Tower
22:08 Scout Tower
22:25 Guard Tower
22:29 Guard Tower
22:49 Arcane Tower
22:51 Arcane Tower
23:24 Guard Tower
23:40 Guard Tower
23:41 Guard Tower
23:41 Guard Tower
23:41 Guard Tower
23:42 Guard Tower
24:38 Guard Tower
24:43 Guard Tower
25:08 Scout Tower
25:09 Scout Tower
25:09 Scout Tower
25:10 Scout Tower
25:11 Scout Tower
25:11 Scout Tower
25:12 Scout Tower
25:12 Scout Tower
25:13 Guard Tower
25:15 Scout Tower
25:16 Scout Tower
25:16 Scout Tower
25:17 Scout Tower
25:17 Scout Tower
25:19 Scout Tower
25:20 Scout Tower
25:20 Scout Tower
25:20 Scout Tower
25:33 Guard Tower
25:35 Guard Tower
25:36 Guard Tower
25:54 Guard Tower
25:54 Guard Tower
26:00 Scout Tower
26:01 Scout Tower
26:01 Scout Tower
26:02 Scout Tower
26:03 Scout Tower
26:03 Scout Tower
26:04 Scout Tower
26:04 Scout Tower
26:05 Scout Tower
26:09 Guard Tower
26:11 Guard Tower
26:11 Guard Tower
26:32 Guard Tower
26:37 Guard Tower
26:38 Guard Tower
26:42 Guard Tower
26:42 Guard Tower
27:08 Guard Tower
27:09 Scout Tower
27:10 Scout Tower
27:10 Scout Tower
27:10 Scout Tower
27:11 Scout Tower
27:11 Scout Tower
27:11 Scout Tower
27:14 Scout Tower
27:14 Scout Tower
27:16 Scout Tower
27:16 Scout Tower
27:17 Scout Tower
27:17 Scout Tower
27:17 Scout Tower
27:19 Scout Tower
27:20 Scout Tower
27:20 Scout Tower
27:21 Scout Tower
27:22 Scout Tower
27:25 Guard Tower
27:28 Guard Tower
27:28 Guard Tower
27:37 Arcane Tower
27:37 Arcane Tower
27:41 Guard Tower
27:41 Guard Tower
27:54 Guard Tower
28:24 Guard Tower
28:37 Guard Tower
28:45 Guard Tower
29:01 Guard Tower
29:02 Guard Tower
29:05 Arcane Tower
29:07 Guard Tower
29:49 Guard Tower
29:51 Guard Tower
30:16 Arcane Tower
30:24 Guard Tower
30:25 Guard Tower
30:26 Guard Tower
30:26 Guard Tower
31:12 Scout Tower
31:13 Scout Tower
31:13 Scout Tower
31:14 Scout Tower
31:14 Scout Tower
31:15 Scout Tower
31:15 Scout Tower
33:28 Guard Tower
33:32 Scout Tower
33:32 Scout Tower
33:33 Scout Tower
33:33 Scout Tower
33:34 Scout Tower
33:34 Scout Tower
34:58 Guard Tower
34:58 Guard Tower
34:59 Guard Tower
35:10 Guard Tower
35:29 Guard Tower
36:49 Guard Tower
36:56 Scout Tower
36:57 Scout Tower
36:58 Scout Tower
36:58 Scout Tower
36:59 Scout Tower
36:59 Scout Tower
38:38 Guard Tower
38:50 Guard Tower
38:51 Guard Tower
40:13 Guard Tower
40:17 Scout Tower
40:18 Scout Tower
40:18 Scout Tower
40:18 Scout Tower
40:19 Scout Tower
40:19 Scout Tower
40:20 Scout Tower
40:20 Scout Tower
40:21 Scout Tower
40:23 Scout Tower
40:23 Scout Tower
40:24 Scout Tower
40:24 Scout Tower
40:25 Scout Tower
40:25 Scout Tower
40:26 Scout Tower
40:26 Scout Tower
43:07 Guard Tower
43:51 Guard Tower
43:54 Scout Tower
43:55 Scout Tower
43:55 Scout Tower
43:56 Scout Tower
43:56 Scout Tower
43:57 Scout Tower
43:57 Scout Tower
43:58 Scout Tower
45:08 Guard Tower
45:16 Farm
45:16 Farm
45:17 Farm
45:17 Farm
46:16 Guard Tower
46:33 Scout Tower
46:33 Scout Tower
46:34 Scout Tower
46:35 Scout Tower
46:36 Scout Tower
46:37 Scout Tower
46:38 Scout Tower
47:09 Guard Tower
47:09 Guard Tower
47:09 Guard Tower
47:16 Farm
47:17 Farm
47:17 Farm
47:18 Farm
47:40 Guard Tower
48:40 Guard Tower
50:51 Guard Tower
50:53 Scout Tower
50:55 Scout Tower
50:56 Scout Tower
50:57 Scout Tower
50:58 Scout Tower
50:58 Scout Tower
50:59 Scout Tower
50:59 Scout Tower
51:01 Scout Tower
51:04 Scout Tower
51:04 Scout Tower
51:04 Scout Tower
51:05 Scout Tower
51:05 Scout Tower
51:06 Scout Tower
51:06 Scout Tower
51:54 Guard Tower
63:26 Scout Tower
64:58 Scout Tower
64:59 Scout Tower
65:01 Scout Tower
65:40 Scout Tower
» items
| Scroll of Regeneration | 5 | |
| Boots of Speed | 3 | |
| Staff of Teleportation | 3 | |
| Lesser Clarity Potion | 4 | |
| Staff of Sanctuary | 5 | |
| Orb of Fire | 3 | |
23 total
team 2 (loser)
LordOden_East (
pink | 70 APM | 4812 actions | 69:04)
5 Crypt Lord
3 Carrion Beetles
2 Spiked Carapace
3 Dreadlord
1 Sleep
2 Vampiric Aura
2 Dark Ranger
1 Black Arrow
1 Silence
» actions
| Assign group hotkey | 64 | |
| Basic commands | 21 | |
| Build / train | 126 | |
| Enter build submenu | 45 | |
| Enter hero's abilities submenu | 10 | |
| Give item / drop item | 2 | |
| Remove unit from queue | 3 | |
| Right click | 1254 | |
| Select / deselect | 1020 | |
| Select group hotkey | 2151 | |
| Use ability | 116 | |
4812 total
» units
| Acolyte | 30 | |
| Ghoul | 4 | |
| Crypt Fiend | 5 | |
| Obsidian Statue | 2 | |
| Necromancer | 6 | |
| Meatwagon | 5 | |
| Banshee | 4 | |
| Abomination | 1 | |
57 total
» upgrades
| Necromancer Training | 2 | |
| Exhume Corpses | 1 | |
| Skeletal Longevity | 1 | |
| Banshee Training | 2 | |
| Unholy Strength | 3 | |
| Creature Carapace | 3 | |
| Web | 1 | |
| Unholy Armor | 3 | |
| Skeletal Mastery | 1 | |
| Destroyer Form | 1 | |
| Creature Attack | 3 | |
| Disease Cloud | 1 | |
22 total
» buildings
| Crypt | 1 | |
| Ziggurat | 26 | |
| Altar of Darkness | 1 | |
| Nerubian Tower | 5 | |
| Graveyard | 2 | |
| Tomb of Relics | 3 | |
| Spirit Tower | 15 | |
| Halls of the Dead | 1 | |
| Slaughterhouse | 2 | |
| Temple of the Damned | 2 | |
| Black Citadel | 1 | |
| Necropolis | 2 | |
61 total
» build order
00:37 Crypt
00:42 Ziggurat
00:50 Altar of Darkness
01:38 Nerubian Tower
01:52 Graveyard
02:23 Tomb of Relics
02:32 Ziggurat
03:29 Spirit Tower
03:44 Ziggurat
03:49 Halls of the Dead
04:25 Ziggurat
04:41 Nerubian Tower
05:51 Ziggurat
06:26 Slaughterhouse
06:35 Temple of the Damned
06:55 Spirit Tower
07:05 Slaughterhouse
08:02 Temple of the Damned
13:53 Ziggurat
14:25 Black Citadel
22:14 Ziggurat
25:39 Ziggurat
25:44 Necropolis
25:49 Ziggurat
25:53 Ziggurat
25:59 Ziggurat
26:38 Spirit Tower
26:44 Spirit Tower
26:48 Spirit Tower
26:51 Ziggurat
27:20 Nerubian Tower
30:05 Graveyard
30:54 Nerubian Tower
35:32 Necropolis
35:37 Ziggurat
37:20 Spirit Tower
37:25 Ziggurat
37:30 Ziggurat
37:36 Ziggurat
38:43 Ziggurat
38:48 Ziggurat
38:58 Spirit Tower
39:08 Ziggurat
40:44 Tomb of Relics
41:04 Ziggurat
41:26 Nerubian Tower
41:55 Spirit Tower
41:59 Spirit Tower
42:08 Ziggurat
42:56 Spirit Tower
43:05 Spirit Tower
47:39 Ziggurat
48:00 Tomb of Relics
51:13 Spirit Tower
53:26 Spirit Tower
53:28 Spirit Tower
53:30 Spirit Tower
59:07 Ziggurat
59:10 Ziggurat
59:14 Ziggurat
59:19 Ziggurat
» items
| Potion of Lesser Invulnerability | 3 | |
| Scroll of Town Portal | 3 | |
| Staff of Teleportation | 1 | |
| Scroll of Healing | 1 | |
| Potion of Healing | 1 | |
9 total
Chat log
(01:17 / All) BEAR_AND: hi
(01:24 / All) LordOden_East: hello
(01:30 / All) BEAR_AND: have a good game
(28:18 / All) BEAR_AND: haha did you pay for that
(28:33 / All) BEAR_AND: lol
(28:35 / All) BEAR_AND: $$$$$
(43:08 / All) BEAR_AND: hey
(43:09 / All) BEAR_AND: from?
(43:18 / All) LordOden_East: Portland
(59:33 / All) BEAR_AND: why are you protecting an empty expo
(59:41 / All) LordOden_East: fun
(59:46 / All) BEAR_AND: respect
(61:49 / All) BEAR_AND: you listening to music?
(64:11 / All) BEAR_AND: where's dark ranger lol
(68:57 / All) LordOden_East: this sucks
(68:59 / All) BEAR_AND: what
(69:00 / All) LordOden_East: enjoy